 Dungeon Crawl Stone Soup version 0.25-a0-657-ge95d391c20 (webtiles) character file.

Game seed: 13107892536822877561, levelgen mode: deterministic

9655 MisterFreud the Nimble (level 11, -5/48 HPs)
             Began as a Felid Skald on Mar 22, 2020.
             Was a Follower of Uskayaw.
             Slain by Urug
             ... wielding a +5 demon trident
              (17 damage)
             ... on level 2 of the Lair of Beasts.
             The game lasted 01:03:59 (26049 turns).

MisterFreud the Nimble (Felid Skald)               Turns: 26049, Time: 01:03:59

Health: -5/48      AC:  2    Str:  7    XL:     11   Next: 25%
Magic:  19/21      EV: 28    Int: 22    God:    Uskayaw [*.....]
Gold:   465        SH:  0    Dex: 22    Spells: 10/22 levels left
                                        Lives:  0   Deaths: 3

rFire    . . .     SeeInvis +     - Unarmed
rCold    . . .     Gourm    .   (shield unavailable)
rNeg     . . .     Faith    .   (armour unavailable)
rPois    .         Spirit   .   (helmet unavailable)
rElec    .         Reflect  .   (cloak unavailable)
rCorr    +         Harm     .   (gloves unavailable)
MR       +....                  (boots unavailable)
Stlth    +++++.....             z - amulet of magic regeneration
HPRegen  0.16/turn              A - +6 ring of dexterity
MPRegen  0.42/turn              w - ring of Foihuuniast {rCorr Int+4 Slay+2}

@: quick
A: very small, no armour, no weapons or thrown items, stealth, claws 1, fangs 3,
see invisible, carnivore, speed 1, shaggy fur 2, slow metabolism 1, sharp paws
a: Stomp, Renounce Religion


You were on level 2 of the Lair of Beasts.
You worshipped Uskayaw.
Uskayaw was aware of your devotion.
You were completely stuffed.

You visited 3 branches of the dungeon, and saw 14 of its levels.
You also visited: Sewer and Ossuary.

You collected 871 gold pieces.
You spent 406 gold pieces at shops.

Inventory:

Jewellery
 g - an uncursed ring of ice
 w - the ring of Foihuuniast (right paw) {rCorr Int+4 Slay+2}
   (You acquired it on level 8 of the Dungeon)

   [ring of resist corrosion]

   It affects your intelligence (+4).
   It affects your accuracy and damage with ranged weapons and melee attacks
   (+2).
   It provides partial protection from all sources of acid and corrosion.
 z - an amulet of magic regeneration (around neck)
 A - a +6 ring of dexterity (left paw)
 E - an uncursed ring of ice
Wands
 p - a wand of digging (6)
 q - a wand of paralysis (1)
 t - a wand of scattershot (8)
 y - a wand of flame (60)
 B - a wand of random effects (16)
 C - a wand of iceblast (8)
Scrolls
 c - 8 scrolls of teleportation
 d - 5 scrolls of remove curse
 k - a scroll of magic mapping
 l - a scroll of fear
 m - a scroll of fog
 r - 3 scrolls of amnesia
 D - 3 scrolls of identify
Potions
 a - a potion of ambrosia
 e - 3 potions of curing
 f - 7 potions of stabbing
 h - a potion of brilliance
 i - 2 potions of flight
 j - 9 potions of heal wounds
 n - a potion of haste
 o - 2 potions of invisibility
 s - 4 potions of might
 u - a potion of mutation
 v - 2 potions of berserk rage
 x - 2 potions of lignification
Comestibles
 b - 21 rations


   Skills:
 + Level 6.2 Fighting
 - Level 10.1 Dodging
 - Level 10.0 Stealth
 + Level 6.1 Unarmed Combat
 - Level 6.0 Spellcasting
 - Level 8.0 Hexes
 - Level 3.6 Charms
 - Level 6.0 Summonings
 - Level 4.0 Air Magic
 + Level 9.5 Invocations
 - Level 6.0 Evocations


You had 10 spell levels left.
You knew the following spells:

 Your Spells              Type           Power        Failure   Level  Hunger
a - Summon Lightning Spi  Summ/Air       ####....     12%         4    ###....
b - Shroud of Golubria    Chrm/Tloc      ##....       7%          2    None
c - Ozocubu's Armour      Chrm/Ice       ##......     13%         3    #......
d - Confusing Touch       Hex            #####...     1%          3    #......

Your spell library contained the following spells:

 Spells                   Type           Power        Failure   Level  Hunger
 Infusion                 Chrm           ###.         1%          1    None
 Summon Small Mammal      Summ           ####         1%          1    None
 Call Imp                 Summ           ####....     1%          2    None
 Summon Guardian Golem    Hex/Summ       #####...     1%          3    #......
 Call Canine Familiar     Summ           ####....     2%          3    #......
 Song of Slaying          Chrm           ###.....     3%          2    None
 Dazzling Flash           Conj/Hex       ###...       5%          3    #......
 Poisonous Vapours        Pois/Air       ###...       6%          2    None
 Magic Dart               Conj           #...         9%          1    None
 Searing Ray              Conj           #.....       14%         2    None
 Mephitic Cloud           Conj/Pois/Air  ##......     16%         3    #......
 Fulminant Prism          Conj/Hex       ###.......   17%         4    ###....
 Conjure Flame            Conj/Fire      #.......     26%         3    #......
 Gell's Gravitas          Tloc           #.........   26%         3    #......
 Summon Ice Beast         Ice/Summ       ###.....     26%         4    ###....
 Metabolic Englaciation   Hex/Ice        ###.......   43%         5    #####..
 Yara's Violent Unravell  Hex/Tmut       ###.......   43%         5    #####..
 Iskenderun's Mystic Bla  Conj/Tloc      #.......     65%         4    ###....
 Petrify                  Tmut/Erth      #.......     65%         4    ###....
 Freezing Cloud           Conj/Ice/Air   ##........   100%        6    ######.
 Ring of Flames           Chrm/Fire      ##........   100%        7    #######
 Spectral Weapon          Hex/Chrm       Unusable     N/A         3    N/A

Dungeon Overview and Level Annotations

Branches:
Dungeon (11/15)            Temple (1/1) D:7            Lair (2/6) D:11
    Orc (0/2) D:9           Sewer (visited)         Ossuary (visited)
  Swamp: Lair:2-4    Shoals: Lair:2-4     Snake: Lair:2-4    Spider: Lair:2-4

Altars:
Ashenzari
Cheibriados
Dithmenos
Elyvilon
Fedhas
Gozag
Hepliaklqana
Kikubaaqudgha
Makhleb
Nemelex Xobeh
Okawaru
Ru
Sif Muna
Trog
Uskayaw
Vehumet
Wu Jian
Xom
Yredelemnul
Zin
The Shining One

Shops:
D:5 !   D:8 %   D:9 !

Annotations:
D:3 exclusion: downstairs
D:8 1 runed translucent door, Esekla's ghost, novice SpAr
Lair:2 Urug


Innate Abilities, Weirdness & Mutations

You cannot wear armour.
You are incapable of wielding weapons or throwing items.
Your paws allow you to move quietly. (Stealth)
You have sharp claws.
You have razor-sharp teeth.
You have supernaturally acute eyesight. (SInv)
You are carnivorous and can eat meat at any time.
You cover ground quickly.
You are covered in thick fur. (AC +2)
You have a slow metabolism.
Your sharp claws are effective at attacking unaware monsters.


Message History

Urug hits you with a +5 demon trident!!!
Ouch! That really hurt!
* * * LOW HITPOINT WARNING * * *
You scratch Urug but do no damage. Your claw misses Urug.
Urug is almost dead.
Urug grins evilly.
Urug barely misses you.
Evoke which item? (* to show all) (? for menu, Esc to quit)
Okay, then.
You scratch Urug but do no damage.
Urug is almost dead.
Urug barely misses you.
You scratch Urug but do no damage.
Urug appears confused.
Urug is almost dead.
You can no longer pass through a line of other dancers.
You scratch Urug.
Urug is almost dead.
Urug ponders the situation.
Urug hits you with a +5 demon trident!
You die...

.................................
.................................
..######.#.≈≈≈....≈+#.#......##.+
..#####.##.##≈≈.≈.≈......#...###.
..##.......#≈≈≈≈.≈≈..........##..
...#........≈≈..≈........#....#..
..##........≈.≈.≈≈.......#...##..
.......P.#.P≈≈≈...≈≈≈...##...#.##
...#...###.♣≈.≈≈@.≈≈..........###
..........≈.≈.≈o♣................
..........≈≈..≈≈≈.≈≈.............
#.###.###...≈≈.≈♣.≈#####.##.#####
### ### #.....♣.### ######
######.# ##


You could see Urug (confused).

Vanquished Creatures
  Josephine (D:10)
  2 two-headed ogres (D:10)
  An unseen horror (D:10)
  Pikel (D:9)
  An ugly thing (D:11)
  Maurice (D:10)
  A black mamba (Lair:1)
  Joseph (D:9)
  A spiny frog (Lair:1)
  2 komodo dragons (Lair:1)
  3 trolls
  2 polar bears (Lair:2)
  A hornet (D:10)
  4 hippogriffs
  A spriggan (D:7)
  A wyvern (D:9)
  5 wraiths (D:10)
  23 yaks
  A hungry ghost (D:11)
  3 water moccasins
  2 porcupines (Lair:1)
  A sky beast (D:7)
  A slave (D:9)
  7 orc warriors
  5 ice beasts
  A black bear (D:10)
  An eye of draining (D:10)
  6 ogres
  A phantom (D:8)
  A crocodile (Lair:2)
  5 centaurs
  2 big kobolds
  3 bullfrogs
  4 gnoll sergeants (D:9)
  2 scorpions
  12 killer bees
  4 jellies
  7 wights
  5 howler monkeys
  2 electric eels (D:10)
  5 crimson imps
  2 centaur zombies
  A quasit (D:10)
  2 bullfrog zombies
  3 hounds
  2 centaur skeletons
  6 orc priests
  A bullfrog skeleton (D:7)
  15 orc wizards
  6 iguanas
  9 worker ants
  A hound skeleton (D:7)
  A worker ant zombie (D:6)
  10 gnolls
  4 river rats (Sewer)
  11 adders
  3 shadow imps
  An ooze (D:2)
  An adder skeleton (D:10)
  9 worms
  5 dart slugs
  4 leopard geckos
  46 orcs
  9 bats
  7 giant cockroaches
  10 goblins
  9 hobgoblins
  14 jackals
  2 quokkas
  3 ball pythons
  15 frilled lizards
  A jackal zombie (D:8)
  7 kobolds
  A kobold zombie (Ossuary)
  A quokka skeleton (D:6)
  2 quokka zombies (Ossuary)
  16 rats
373 creatures vanquished.

Vanquished Creatures (collateral kills)
  Fannar (D:11)
1 creature vanquished.

Vanquished Creatures (others)
  3 slaves (D:9)
  2 plants
5 creatures vanquished.

Grand Total: 379 creatures vanquished

Notes
Turn   | Place    | Note
-------+----------+-------------------------------------------
     0 | D:1      | MisterFreud the Felid Skald began the quest for the Orb.
     0 | D:1      | Reached XP level 1. HP: 9/9 MP: 4/4
   279 | D:1      | Reached XP level 2. HP: 12/13 MP: 3/6
   283 | D:1      | Learned a level 2 spell: Shroud of Golubria
   849 | D:1      | Reached XP level 3. HP: 14/17 MP: 3/7
   934 | D:1      | Learned a level 3 spell: Ozocubu's Armour
  2481 | D:2      | Reached skill level 1 in Stealth
  2514 | D:2      | Reached XP level 4. HP: 20/22 MP: 8/8
  3582 | D:3      | Found a hazy altar of Hepliaklqana.
  4074 | D:3      | Reached XP level 5. HP: 25/25 MP: 2/9
  4562 | D:3      | Found a shimmering blue altar of Sif Muna.
  5293 | D:4      | Gained mutation: You are covered in thick fur. (AC +2)
                  | [Felid growth]
  5293 | D:4      | Reached XP level 6. HP: 28/28 MP: 2/10
  5393 | D:4      | Reached skill level 5 in Dodging
  5761 | D:3      | Learned a level 3 spell: Confusing Touch
  6159 | D:4      | Reached skill level 1 in Hexes
  7003 | D:4      | Reached XP level 7. HP: 30/32 MP: 4/11
  7159 | D:5      | Entered Level 5 of the Dungeon
  7326 | D:6      | Found a glowing drain.
  7335 | Sewer    | Entered a sewer
  7951 | D:6      | Found a sand-covered staircase.
  7962 | Ossuary  | Entered an ossuary
  8220 | D:6      | Found a bloodstained altar of Trog.
  8530 | D:6      | Shot with an arrow by a centaur
  8531 | D:6      | Reached XP level 6. HP: 0/28 MP: 9/11
  8819 | D:6      | Noticed an ice beast
  8824 | D:6      | Killed an ice beast
  8824 | D:6      | Reached skill level 5 in Stealth
  8824 | D:6      | Reached XP level 7. HP: 32/32 MP: 11/13
  9939 | D:5      | Found a shattered altar of Ashenzari.
 10014 | D:5      | Found Nydilaux's Distillery.
 10017 | D:5      | Bought a potion of heal wounds for 70 gold pieces
 10017 | D:5      | Bought a potion of heal wounds for 70 gold pieces
 10017 | D:5      | Bought a potion of might for 56 gold pieces
 10735 | D:6      | Reached skill level 5 in Unarmed Combat
 11272 | D:7      | Reached XP level 8. HP: 36/36 MP: 9/15
 11301 | D:7      | Found a glowing golden altar of the Shining One.
 11305 | D:7      | Found an ornate altar of the Wu Jian Council.
 12275 | D:6      | Reached skill level 1 in Evocations
 12678 | D:7      | Found a staircase to the Ecumenical Temple.
 12689 | Temple   | Entered the Ecumenical Temple
 12743 | Temple   | Became a worshipper of Uskayaw the Reveler
 12782 | D:7      | Reached * piety under Uskayaw
 12786 | D:7      | Reached ** piety under Uskayaw
 12791 | D:7      | Reached *** piety under Uskayaw
 12792 | D:7      | Reached **** piety under Uskayaw
 12799 | D:7      | Reached skill level 5 in Fighting
 12802 | D:7      | Reached ***** piety under Uskayaw
 13313 | D:7      | Found a shimmering altar of Xom.
 13397 | D:7      | Reached XP level 9. HP: 40/40 MP: 16/16
 13666 | D:8      | Found an opulent altar of Gozag.
 13693 | D:8      | Found a blossoming altar of Fedhas.
 13760 | D:8      | Found a shadowy altar of Dithmenos.
 13982 | D:8      | Found a runed translucent door.
 14041 | D:8      | Found Zung's Food Shop.
 14124 | D:8      | Found a shimmering altar of Xom.
 14124 | D:8      | Found a burning altar of Makhleb.
 14253 | D:8      | Identified a scroll of acquirement
 14254 | D:8      | Identified the ring of Foihuuniast {rCorr Int+4 Slay+2}
                  | (You acquired it on level 8 of the Dungeon)
 14262 | D:8      | Learned a level 4 spell: Summon Lightning Spire
 14331 | D:8      | Reached skill level 5 in Hexes
 14534 | D:8      | Noticed Esekla's ghost (novice SpAr)
 14611 | D:9      | Found Izulonta's Distillery.
 14615 | D:9      | Bought a potion of heal wounds for 70 gold pieces
 14615 | D:9      | Bought a potion of heal wounds for 70 gold pieces
 14615 | D:9      | Bought a potion of heal wounds for 70 gold pieces
 14691 | D:9      | Noticed Joseph
 14704 | D:9      | Reached skill level 1 in Summonings
 14704 | D:9      | Reached skill level 1 in Air Magic
 15449 | D:9      | Found a glowing golden altar of the Shining One.
 15457 | D:9      | Noticed Pikel
 15477 | D:9      | Killed Pikel
 15974 | D:9      | Killed Joseph
 15974 | D:9      | Reached skill level 10 in Dodging
 15974 | D:9      | Reached XP level 10. HP: 8/45 MP: 17/17
 16685 | D:9      | Found a staircase to the Orcish Mines.
 17102 | D:9      | HP: 1/45 [orc warrior/+0 scimitar (19)]
 18076 | D:10     | Entered Level 10 of the Dungeon
 18217 | D:10     | Reached skill level 1 in Invocations
 18481 | D:10     | Noticed Maurice
 18513 | D:10     | Killed Maurice
 18513 | D:10     | Reached skill level 5 in Summonings
 19479 | D:10     | Reached XP level 11. HP: 13/48 MP: 18/18
 19740 | D:10     | Noticed an unseen horror
 19846 | D:10     | Killed an unseen horror
 19972 | D:10     | Reached skill level 10 in Stealth
 20189 | D:10     | Reached skill level 5 in Evocations
 20858 | D:10     | Noticed a two-headed ogre
 20866 | D:10     | Killed a two-headed ogre
 20889 | D:10     | Noticed a two-headed ogre
 20898 | D:10     | Slain by a two-headed ogre
 20899 | D:10     | Reached XP level 10. HP: -5/45 MP: 16/17
 21425 | D:10     | Killed a two-headed ogre
 21425 | D:10     | Reached skill level 5 in Invocations
 21657 | D:11     | Noticed a white ugly thing
 21922 | D:11     | Reached skill level 5 in Spellcasting
 21942 | D:11     | Noticed Fannar
 22033 | D:11     | Noticed Josephine
 22630 | D:10     | Killed from afar by Josephine
 22631 | D:10     | Reached XP level 9. HP: 0/41 MP: 15/18
 22660 | D:10     | Killed Josephine
 22660 | D:10     | Reached XP level 10. HP: 45/45 MP: 16/19
 22932 | D:11     | HP: 1/45 [ice beast[Fannar] (5)]
 22932 | D:11     | Killed Fannar
 23689 | D:11     | Found a staircase to the Lair.
 23703 | D:11     | Killed a white ugly thing
 24055 | Lair:1   | Entered Level 1 of the Lair of Beasts
 24055 | Lair:1   | Noticed a spiny frog
 24065 | Lair:1   | Killed a spiny frog
 24579 | Lair:1   | Reached XP level 11. HP: 45/48 MP: 21/21
 26042 | Lair:2   | Noticed Urug
 26049 | Lair:2   | Slain by Urug

Levels and vault maps discovered:
D:1:      wheals_arrival_linesprint, layout_loops_ring, minmay_split_cup_small
D:2:      layout_rooms
D:3:      layout_loops_ring, lemuel_doored_altar, led_sif_book, minmay_puff
D:4:      layout_rooms, first_ration
D:5:      layout_layer_cave, cheibrodos_ashenzari_chains, serial_shops,
          kennysheep_mini_moat
D:6:      layout_basic, nicolae_ossuary_entry_plus, portal_sewer_entry_d,
          trog_three_pillars_becter
D:7:      layout_cave_pools, minitemple, minmay_temple_entry_waves, the_bakery,
          brannock_xom_greatest_gift
D:8:      layout_basic, grunt_temple_overflow_champion_of_chaos, fedhas_altar_4,
          nicolae_dithmenos_shadow_blocks, serial_shops, shop,
          gammafunk_ghost_grave, grunt_gozag_statues
D:9:      layout_loops_ring, kennysheep_orc_monster_closet_entryway,
          serial_shops, shop, tso_metal_star, uniq_joseph, uniq_pikel
D:10:     layout_long_grid, serial_bayou, serial_bayou_pond_b,
          serial_bayou_ford_a, serial_bayou_crossing, serial_bayou_shore_b,
          uniq_maurice
D:11:     layout_loops_ring, lair_entry_dummy, uniq_fannar, uniq_josephine
Temple:   dshaligram_water_room_temple
Lair:1:   layout_gridlike
Lair:2:   layout_regular_city, serial_rivers, chequers_serial_rivers_small_b,
          chequers_serial_rivers_marsh, chequers_serial_rivers_large_a,
          chequers_serial_rivers_micro_e, chequers_serial_rivers_room_b,
          chequers_serial_rivers_small_3, uniq_urug

Skill      XL: |  1  2  3  4  5  6  7  8  9 10 11 |
---------------+----------------------------------+-----
Fighting       | 3 4 5 6 |  6.2
Stealth        | 1 2 3 5 6 9 10 | 10.0
Dodging        | 4 5 6 7 10 | 10.1
Unarmed Combat | 3 4 5 6 |  6.1
Hexes          | 2 4 6 7 8 |  8.0
Spellcasting   | 3 4 6 |  6.0
Evocations     | 3 4 6 |  6.0
Summonings     | 3 5 6 |  6.0
Air Magic      | 2 4 |  4.0
Invocations    | 6 8 9 |  9.5
Charms         | |  3.6

Action                   |  1- 3 |  4- 6 |  7- 9 | 10-12 || total
-------------------------+-------+-------+-------+-------++-------
Melee: Unarmed           |   127 |   335 |   542 |   625 ||  1629
       Bite              |    17 |    28 |    71 |    84 ||   200
       Punch             |     1 |     4 |    15 |    20 ||    40
 Cast: Infusion          |    15 |    26 |     4 |       ||    45
       Shroud of Golubri |     2 |    33 |    46 |    68 ||   149
       Ozocubu's Armour  |     2 |     1 |       |       ||     3
       Confusing Touch   |       |     2 |    42 |    79 ||   123
       Summon Lightning  |       |       |       |     2 ||     2
Evoke: Wand              |       |       |     7 |    16 ||    23
  Use: Scroll            |       |     8 |    20 |     1 ||    29
       Potion            |       |     1 |     1 |     4 ||     6
 Stab: Sleeping          |     2 |     4 |    21 |    18 ||    45
       Distracted        |     1 |       |     2 |     2 ||     5
       Confused          |       |     1 |    31 |    73 ||   105
       Paralysed         |       |       |    12 |    19 ||    31
  Eat: Chunk             |    10 |    20 |    20 |    37 ||    87
Armor: Skin              |     7 |    14 |    18 |    12 ||    51
Dodge: Dodged            |   131 |   289 |   384 |   491 ||  1295

Table legend:
 A = Non-vault XP
 B = Vault XP
 C = Vault XP percentage of total XP
 D = Non-vault monster count
 E = Vault monster count
 F = Vault count percentage of total count
                 A         B        C        D         E       F
            +---------+---------+-------+---------+---------+-------
      Total |   20834 |    6120 |  22.7 |     304 |      69 |  18.5
            +---------+---------+-------+---------+---------+-------
        D:1 |      56 |       7 |  11.1 |      24 |       3 |  11.1
        D:2 |      71 |       0 |   0.0 |      28 |       0 |   0.0
        D:3 |     188 |       5 |   2.6 |      32 |       3 |   8.6
        D:4 |     418 |       0 |   0.0 |      18 |       0 |   0.0
        D:5 |     169 |       0 |   0.0 |      13 |       0 |   0.0
        D:6 |     966 |      14 |   1.4 |      29 |       1 |   3.3
        D:7 |    1205 |     220 |  15.4 |      27 |       1 |   3.6
        D:8 |     723 |      48 |   6.2 |      11 |       1 |   8.3
        D:9 |    1527 |    2633 |  63.3 |      20 |      21 |  51.2
       D:10 |    7525 |    2664 |  26.1 |      58 |       9 |  13.4
       D:11 |    3135 |     451 |  12.6 |      24 |       1 |   4.0
     Lair:1 |    4004 |       0 |   0.0 |      16 |       0 |   0.0
     Lair:2 |     847 |       0 |   0.0 |       4 |       0 |   0.0
      Sewer |       0 |      75 | 100.0 |       0 |      26 | 100.0
    Ossuary |       0 |       3 | 100.0 |       0 |       3 | 100.0
            +---------+---------+-------+---------+---------+-------
